 Dungeon Crawl Stone Soup version 0.30.1-4-g462c640d31 (webtiles) character file.

Game seed: 12452259677625027380

1942 Almogavar the Protected (level 8, -3/73 HPs)
             Began as a Minotaur Berserker on Sept 2, 2023.
             Was a Believer of Trog.
             Engulfed by a steam dragon's steam (10 damage)
             ... on level 6 of the Dungeon on Sept 3, 2023.
             The game lasted 00:13:19 (6294 turns).

Almogavar the Protected (Minotaur Berserker)        Turns: 6294, Time: 00:13:20

Health: -3/73      AC:  8    Str: 31    XL:     8   Next: 98%
Magic:  0/7        EV: 11    Int:  4    God:    Trog [**....]
Gold:   175        SH:  0    Dex:  9    Spells: 7/7 levels left

rFire   . . .        a - +1 falchion
rCold   . . .        (no shield)
rNeg    + . .        r - +0 scale mail
rPois   .            (helmet restricted)
rElec   .            (no cloak)
rCorr   .            (no gloves)
SInv    .            (no boots)
Will    .....        g - amulet of guardian spirit Stlth
                     f - +6 ring of strength
HPRegen 0.32/turn    t - ring of positive energy
MPRegen 0.10/turn

%: guardian spirit
@: on berserk cooldown, hasted and slowed
A: horns 2, retaliatory headbutt
a: Renounce Religion, Berserk, Trog's Hand


You were on level 6 of the Dungeon.
You worshipped Trog.
Trog was pleased with you.
You visited 1 branch of the dungeon, and saw 6 of its levels.

You collected 203 gold pieces.
You spent 28 gold pieces at shops.

Inventory:

Hand Weapons
 a - a +1 falchion (weapon)
 m - a +2 flail of holy wrath
Armour
 o - a +0 chain mail
 r - a +0 scale mail (worn)
Jewellery
 f - a +6 ring of strength (left hand)
 g - an amulet of guardian spirit (around neck)
 t - a ring of positive energy (right hand)
 v - a +6 ring of intelligence
Wands
 c - a wand of roots (7)
 x - a wand of digging (6)
Scrolls
 d - a scroll of enchant armour
 e - a scroll of poison
 j - a scroll of brand weapon {unknown}
Potions
 b - 2 potions of lignification
 h - 2 potions of degeneration {unknown}
 k - 2 potions of haste
 l - a potion of invisibility {unknown}
 n - 3 potions of attraction {unknown}
 q - a potion of flight {unknown}


   Skills:
 + Level 7.0 Fighting
 + Level 8.7 Long Blades
 + Level 8.9 Armour
 + Level 4.5 Dodging
 - Level 1.0 Stealth


You had 7 spell levels left.
You didn't know any spells.
Your spell library was empty.

Dungeon Overview and Level Annotations

Branches:
Dungeon (6/15)
 Temple: D:4-7

Altars:
Kikubaaqudgha
Qazlal
Ru
Sif Muna
Trog

Shops:
D:3 (   D:5 *

Annotations:
D:6 Eustachio


Innate Abilities, Weirdness & Mutations

You have a pair of horns on your head.
You reflexively headbutt those who attack you in melee.


Message History

Eustachio is lightly wounded.
The crimson imp disappears in a puff of smoke!
Eustachio hits you with a +0 rapier.
The crimson imp hits you but does no damage.
The shadow imp hits you but does no damage.
You barely miss Eustachio.
Eustachio is lightly wounded.
Eustachio hits you but does no damage.
The ufetubus hits you but does no damage. x2
The crimson imp barely misses you. You furiously retaliate!
You headbutt the crimson imp.
The shadow imp hits you but does no damage.
You completely miss Eustachio. Your headbutt misses Eustachio.
Eustachio is lightly wounded.
The ufetubus misses you. The ufetubus closely misses you.
Eustachio hits you with a +0 rapier. The crimson imp closely misses you.
You furiously retaliate!
You headbutt the crimson imp. The steam dragon breathes steam at you.
The ball of steam hits the ufetubus!
The ufetubus dies!
The ufetubus disappears in a puff of smoke!
The ball of steam hits you!!
* * * LOW HITPOINT WARNING * * *
The ball of steam hits the crimson imp.
The crimson imp resists.
The shadow imp hits you but does no damage.
The crimson imp hits you.
* * * LOW HITPOINT WARNING * * *
Eustachio closely misses you.
You feel better.
You are engulfed in a cloud of scalding steam.
* * * LOW HITPOINT WARNING * * *
The shadow imp hits you but does no damage.
Eustachio hits you with a +0 rapier.
* * * LOW HITPOINT WARNING * * *
The crimson imp laughs crazily.
The crimson imp hits you but does no damage.
The shadow imp barely misses you.
It was a potion of haste.
You feel yourself speed up.
You are engulfed in a cloud of scalding steam.
You die...

#.......####.##
..(....###....#..##...##
........................
....................... .
#.................##..
..##.......#......#..#...
.........§[......##...##.
.......5D@.............##
#....§@..#.........###
..#.##.5.........##....#
.................###....#
......##)).......#..#.###
.$..!...))..........#..#
........)##............#
...##....###...........#
#.. #...## ##.........##
## ..... #.##..#####


You could see Eustachio, a steam dragon, a crimson imp (summoned) and a shadow
imp (summoned).

Vanquished Creatures
  The ghost of Zippel the Shield-Bearer, a novice DjWn of Qazlal (D:5)
  Prince Ribbit (D:5)
  Edmund (D:5)
  A water moccasin (D:6)
  A sky beast (D:6)
  An ice beast (D:5)
  A black bear (D:5)
  2 phantoms
  A gnoll sergeant (D:5)
  A scorpion (D:4)
  2 jellies
  2 gnoll boudas
  3 hounds
  Ijyb (D:5)
  3 iguanas
  2 orc wizards
  2 killer bee zombies (D:5)
  A howler monkey skeleton (D:5)
  15 gnolls
  11 adders
  2 worms (D:4)
  2 dart slugs
  7 orcs
  2 ball pythons
  6 endoplasms
  4 giant cockroaches
  5 hobgoblins
  2 quokkas
  3 bats
  2 frilled lizards
  9 goblins
  5 kobolds
  5 rats
107 creatures vanquished.

Notes
Turn   | Place    | Note
-------+----------+-------------------------------------------
     0 | D:1      | Almogavar the Minotaur Berserker began the quest for the
                  | Orb.
     0 | D:1      | Reached XP level 1. HP: 19/19 MP: 0/0
   259 | D:1      | Found a faded altar of an unknown god.
   370 | D:1      | Reached XP level 2. HP: 27/27 MP: 1/1
   900 | D:2      | Found a shimmering blue altar of Sif Muna.
   914 | D:2      | Reached XP level 3. HP: 30/33 MP: 2/2
  1252 | D:2      | Reached ** piety under Trog
  1621 | D:3      | Found Lourghoqe's Antique Weapon Shoppe.
  1733 | D:3      | Reached XP level 4. HP: 35/40 MP: 3/3
  1854 | D:3      | Found a stormy altar of Qazlal.
  2028 | D:3      | Reached skill level 5 in Long Blades
  2621 | D:4      | Reached XP level 5. HP: 17/47 MP: 2/4
  2942 | D:4      | Noticed a phantom
  2951 | D:4      | Killed a phantom
  2952 | D:4      | Reached XP level 6. HP: 45/55 MP: 2/5
  2990 | D:4      | Reached skill level 5 in Fighting
  3090 | D:4      | Found a sacrificial altar of Ru.
  3432 | D:5      | Entered Level 5 of the Dungeon
  3786 | D:5      | Reached XP level 7. HP: 55/62 MP: 6/6
  3789 | D:5      | Reached skill level 5 in Armour
  3904 | D:5      | Noticed Edmund
  3904 | D:5      | Noticed Prince Ribbit
  3930 | D:5      | Killed Edmund
  4233 | D:5      | Found a transporter.
  4265 | D:5      | Found a bloodstained altar of Trog.
  4280 | D:5      | Found an ancient bone altar of Kikubaaqudgha.
  4303 | D:5      | Found Zium's General Store.
  4306 | D:5      | Bought a scroll of identify for 28 gold pieces
  4478 | D:5      | Noticed Zippel's ghost (novice DjWn)
  4482 | D:5      | Found a transporter.
  4534 | D:5      | Killed Prince Ribbit
  4535 | D:5      | Reached XP level 8. HP: 23/70 MP: 4/7
  5010 | D:5      | Noticed Ijyb
  5018 | D:5      | Killed Ijyb
  5355 | D:5      | Reached skill level 1 in Stealth
  5938 | D:5      | Killed Zippel's ghost
  6269 | D:6      | Noticed Eustachio
  6294 | D:6      | Engulfed by a steam dragon's steam

Illustrated notes

Levels and vault maps discovered:
D:1:      scummos_arrival_hexagon, layout_loops_corners,
          shapermc_ecumenical_altar_mp_ritualfount, minmay_heptomino_l4
D:2:      layout_basic, basic_altar
D:3:      layout_loops_ring, mainiacjoe_overflow_catwalk, serial_shops, shop
D:4:      layout_gridville, mainiacjoe_overflow_tiny_flanked,
          serial_park_tiny_1, grunt_ministairs_9
D:5:      layout_layer_cave, kennysheep_mini_moat, mainiacjoe_overflow_brackets,
          gammafunk_ghost_mausoleum, serial_shops, kennysheep_mini, uniq_edmund,
          uniq_prince_ribbit1, uniq_ijyb
D:6:      layout_cave_pools, nicolae_tso_besieged_by_evil, portal_sewer_entry_a,
          uniq_eustachio

Skill      XL: |  1  2  3  4  5  6  7  8 |
---------------+-------------------------+-----
Fighting       | 4 5 6 7 |  7.0
Long Blades    | 4 5 6 7 8 |  8.7
Armour         | 3 4 6 8 |  8.9
Dodging        | 3 4 |  4.5
Stealth        | 1 |  1.0

Action                     |  1- 3 |  4- 6 |  7- 9 || total
---------------------------+-------+-------+-------++-------
  Melee: Falchion          |   104 |   114 |   172 ||   390
         Headbutt          |    14 |    17 |    34 ||    65
         Punch             |       |     2 |     1 ||     3
 Invoke: Trog's Hand       |       |     1 |     1 ||     2
         Berserk           |       |     3 |     6 ||     9
    Use: Scroll            |       |     1 |     8 ||     9
         Potion            |       |       |     4 ||     4
 Armour: Animal skin       |     7 |       |       ||     7
         Leather armour    |    21 |     4 |       ||    25
         Scale mail        |       |    30 |    89 ||   119
  Dodge: Dodged            |    65 |    74 |   116 ||   255
